AoeStats
← javi_fortinero_06

Arabia

509766945Analyzed
1v1 RM · 3d ago on Sep 27, 2026· 30m 43s· 2 players
Game mode
Random Map
Map size
Tiny (2 player)
Population
200
Speed
Normal
Resources
Standard
Victory
Conquest
Starting age
Dark Age
Ending age
Imperial Age
RankedLock teamsTeams togetherTeam positionsShared explorationLock speedFull tech treeHidden civsTurbo modeCheats
Victory
Defeat
🇻🇪 Persians · Venezuela
1184
+17
🇦🇷 Malians · Argentina
1202
-17
dejame_ganar
6:42 Loom
9:19 Feudal Age
9:49 Double-Bit Axe
12:59 Wheelbarrow
15:26 Fletching
16:14 Padded Archer Armor
16:23 Horse Collar
22:31 Castle Age
21:25 Forging
21:51 Bloodlines
22:22 Elite Skirmisher
23:05 Husbandry
22:33 Elite Skirmisher
23:14 Bodkin Arrow
23:34 Leather Archer Armor
24:14 Leather Archer Armor
27:04 Scale Barding Armor
27:46 Iron Casting
javi_fortinero_06
6:41 Loom
9:58 Feudal Age
10:38 Double-Bit Axe
12:43 Fletching
17:46 Fletching
18:05 Padded Archer Armor
22:40 Castle Age
20:36 Gold Mining
21:07 Horse Collar
22:04 Town Watch
23:27 Bodkin Arrow
22:52 Crossbowman
23:51 Thumb Ring
24:25 Leather Archer Armor
25:45 Ballistics
29:28 Wheelbarrow
33:43 Imperial Age
Connection lost

Rejoining the realm…

Still unreachable

The connection could not be restored.

Session expired

The server has moved on; the page needs a fresh start.